cohdb
Replays
Latest Replays
All Replays
Popular Replays
Top Player Replays
Match Explorer
How It Works
Community
CoH3 Stats
Reddit
Sign in to upload your games and track your stats! →
Sign in with Steam
Match 38398267
Unlisted
Match 38398267
Overview
Messages
Build Orders
End
Panzergrenadier Squad
Selects Battlefield Espionage Battlegroup
250 Light Carrier
Panzergrenadier Squad
Construct Light Support Kompanie
Combat Half-tracks
Advanced Field Repairs
Selects Sector Subterfuge Beacon
Fire Support Elements
MG34 Team
Pak 38 Anti-tank Gun Team
Selects Plunder
2.5-tonne Medical Truck
Veteran Squad Leaders
2.5-tonne Medical Truck
Selects Firestorm
Firestorm
Construct Panzerarmee Kommand
Panzerpioneer Squad
Selects 250/3 Funkpanzerwagen
Panzer III L Medium Tank
Firestorm
Selects Anti-Tank Incendiary Munitions
Pak 38 Anti-tank Gun Team
Pak 38 Anti-tank Gun Team
LEV-Detahaven
Tenshi
Fleur de lis
judge789
0
0
Comments
sign in to comment!
No comments posted yet!